[Event "December 5 Late 2023"]
[Site "https://www.chess.com"]
[Date "2023.12.05"]
[Round "9"]
[White "Janaszak, Dawid"]
[Black "Kosteniuk, Alexandra"]
[Result "1/2-1/2"]
[Board "24"]
[TimeControl "180+1"]
[WhiteFideId "1119206"]
[BlackFideId "4128125"]
[WhiteElo "2618"]
[BlackElo "2744"]
[WhiteTeam "POL"]
[BlackTeam "SUI"]
[WhiteClock "0:00:07"]
[BlackClock "0:00:17"]

1. e4 e5 2. Nf3 Nf6 3. Nxe5 d6 4. Nf3 Nxe4 5. Nc3 Nxc3 6. dxc3 Be7 7. Be3 Nd7 8. Bd3 Nb6 9. Qd2 Be6 10. Nd4 Qd7 11. b3 Nd5 12. Nxe6 fxe6 13. Be4 c6 14. O-O Bf6 15. Bd4 e5 16. Bxd5 cxd5 17. Be3 Qc6 18. Rad1 Ke7 19. Qxd5 Qxd5 20. Rxd5 Ke6 21. c4 Rhc8 22. Rfd1 Be7 23. f4 Rc6 24. fxe5 dxe5 25. Rd7 b6 26. a4 Bf6 27. Kf2 e4 28. Ke2 Be5 29. Bg5 Rc7 30. Rd8 Rxd8 31. Rxd8 Bxh2 32. Ke3 h6 33. Bf4 Bxf4+ 34. Kxf4 Rf7+ 35. Kxe4 Rf2 36. g4 Rg2 37. Kf4 Rf2+ 38. Kg3 Rxc2 39. Ra8 Rc3+ 40. Kh4 Kf6 41. Rf8+ Kg6 42. Ra8 Rxb3 43. Rxa7 Kf6 44. g5+ hxg5+ 45. Kg4 Rb4 46. Rc7 Kg6 47. Rc6+ Kh7 48. Kxg5 Rxa4 49. c5 Ra5 50. Rxb6 Rxc5+ 51. Kg4 Rc4+ 52. Kg5 Rc5+ 53. Kg4 g6 54. Ra6 Kh6 55. Rb6 Rc4+ 56. Kg3 Kh5 57. Rb5+ g5 58. Ra5 Rc3+ 59. Kg2 Kh4 60. Ra4+ g4 61. Ra8 Rc2+ 62. Kg1 Kh3 63. Ra3+ g3 64. Ra1 Rh2 65. Rf1 Rg2+ 66. Kh1 Re2 67. Kg1 Kg4 68. Kh1 Rh2+ 69. Kg1 Kh3 70. Re1 Rf2 71. Kh1 Rf4 72. Kg1 Rf3 73. Kh1 g2+ 74. Kg1 Kg3 75. Rd1 Re3 76. Rc1 Re8 77. Rc3+ Kf4 78. Kxg2 Re3 79. Rxe3 Kxe3 1/2-1/2

[Event "December 5 Late 2023"]
[Site "https://www.chess.com"]
[Date "2023.12.05"]
[Round "9"]
[White "Krzyzanowski, Marcin"]
[Black "Zakarian, David"]
[Result "1/2-1/2"]
[Board "25"]
[TimeControl "180+1"]
[WhiteFideId "1132199"]
[BlackFideId "13301276"]
[WhiteElo "2741"]
[BlackElo "2432"]
[WhiteTeam "POL"]
[BlackTeam "ARM"]
[WhiteClock "0:00:06"]
[BlackClock "0:00:11"]

1. e4 Nc6 2. Nf3 d6 3. d4 Nf6 4. Nc3 Bg4 5. Be3 e6 6. h3 Bh5 7. g4 Bg6 8. Bd3 d5 9. e5 Nd7 10. Ne2 Bxd3 11. Qxd3 Nb4 12. Qd2 c5 13. c3 Nc6 14. Nf4 cxd4 15. Bxd4 Nxd4 16. cxd4 Rc8 17. Kf1 Be7 18. h4 Qb6 19. Kg2 O-O 20. Rac1 f6 21. Rxc8 Rxc8 22. Qe3 fxe5 23. Nxe5 Nxe5 24. Qxe5 Bf6 25. Qxe6+ Qxe6 26. Nxe6 Rc2 27. g5 Be7 28. Re1 Kf7 29. Nf4 Rxb2 30. Nxd5 Bd6 31. Ne3 Rxa2 32. Nf5 Bf8 33. Rc1 Rd2 34. Rc7+ Kg6 35. Rxb7 Kxf5 36. Rf7+ Kg6 37. Rxf8 Rxd4 38. Kg3 a5 39. Ra8 a4 40. Ra5 Rb4 41. f4 Kh5 42. g6+ Kxg6 43. h5+ Kh6 44. Kg4 g6 45. hxg6 Kxg6 46. Ra6+ Kg7 47. Kg5 Rb5+ 48. f5 h6+ 49. Kg4 Kf7 50. Rxh6 Ra5 51. Kg5 a3 52. Rh7+ Kg8 53. Rh1 a2 54. Ra1 Kf7 55. Kf4 Kf6 56. Ke4 Ra4+ 57. Kd3 Kxf5 58. Kc3 Ke5 59. Kb3 Ra5 60. Rxa2 Rxa2 61. Kxa2 1/2-1/2

[Event "December 5 Late 2023"]
[Site "https://www.chess.com"]
[Date "2023.12.05"]
[Round "9"]
[White "Tari, Aryan"]
[Black "Seemann, Jakub"]
[Result "0-1"]
[Board "26"]
[TimeControl "180+1"]
[WhiteFideId "1510045"]
[BlackFideId "21874697"]
[WhiteElo "2985"]
[BlackElo "2640"]
[WhiteTeam "NOR"]
[BlackTeam "POL"]
[WhiteClock "0:00:00"]
[BlackClock "0:00:09"]

1. a3 Nf6 2. d4 g6 3. Nd2 Bg7 4. e4 O-O 5. e5 Ne8 6. h4 d6 7. Ngf3 c5 8. dxc5 dxe5 9. h5 Bg4 10. Rh4 Bf5 11. g4 Bc8 12. hxg6 hxg6 13. Bc4 Nc6 14. Ne4 Qxd1+ 15. Kxd1 Nf6 16. Nxf6+ exf6 17. g5 f5 18. c3 e4 19. Nd2 Ne5 20. Be2 Be6 21. Kc2 a5 22. Nb3 a4 23. Nd4 Bc4 24. Bxc4 Nxc4 25. Bf4 Rfc8 26. Rd1 Rxc5 27. Ne2 Rb5 28. Bc1 Ne5 29. Nf4 Rc8 30. Nd5 Kf8 31. Rhh1 Nd3 32. Nf6 Ke7 33. f4 Bxf6 34. gxf6+ Kxf6 35. Rhf1 Rd5 36. Be3 Ke6 37. Rh1 b5 38. Rh7 b4 39. axb4 Nxb4+ 40. Kc1 Rxd1+ 41. Kxd1 Nd3 42. Rh2 Rb8 43. c4 Nxb2+ 44. Kc1 Nxc4 45. Bd4 Kd5 46. Ba1 Rb3 47. Rh8 e3 48. Rd8+ Ke4 49. Rd4+ Kf3 50. Rxc4 e2 51. Kd2 Rd3+ 52. Kxd3 e1=Q 53. Bc3 Qe2+ 54. Kd4 Qe3+ 55. Kd5 Qe6+ 56. Kc5 a3 57. Ra4 Qb3 0-1

[Event "December 5 Late 2023"]
[Site "https://www.chess.com"]
[Date "2023.12.05"]
[Round "9"]
[White "Golubev, Mikhail"]
[Black "Alexandre, Anne Shopie Elizabeth"]
[Result "0-1"]
[Board "27"]
[TimeControl "180+1"]
[WhiteFideId "14100983"]
[BlackFideId "11902418"]
[WhiteElo "2628"]
[BlackElo "2861"]
[WhiteTeam "UKR"]
[BlackTeam "HAI"]
[WhiteClock "0:00:00"]
[BlackClock "0:00:36"]

1. e4 c5 2. Nf3 Nc6 3. Nc3 e6 4. d4 cxd4 5. Nxd4 Qc7 6. Be3 a6 7. Bd3 Nf6 8. O-O Be7 9. f4 d6 10. Qf3 O-O 11. a3 Bd7 12. Qg3 Nxd4 13. Bxd4 Bc6 14. Rae1 Nh5 15. Qh3 g6 16. f5 e5 17. Be3 Bf6 18. Bc4 Bxe4 19. fxg6 Bxg6 20. Bb3 Nf4 21. Bxf4 exf4 22. Nd5 Qc5+ 23. Kh1 Bxb2 24. Rxf4 Rae8 25. Ref1 b5 26. Qh6 Bg7 27. Nf6+ Kh8 28. Qh3 Re3 29. Nxh7 Rxh3 30. Nxf8 Bxf8 31. Bxf7 Bxf7 32. Rxf7 Bg7 33. gxh3 Qd5+ 34. R1f3 a5 35. Kg2 Qd2+ 36. Kf1 Qxh2 37. Re3 Qxc2 38. Re8+ Kh7 39. Ree7 Qc3 40. Rxg7+ Qxg7 41. Rxg7+ Kxg7 42. Ke2 Kg6 43. Kd3 Kg5 44. Kd4 Kh4 45. Kd5 Kxh3 0-1

[Event "December 5 Late 2023"]
[Site "https://www.chess.com"]
[Date "2023.12.05"]
[Round "9"]
[White "Bardyk, Artem"]
[Black "Omelja, Artem"]
[Result "0-1"]
[Board "28"]
[TimeControl "180+1"]
[WhiteFideId "34349979"]
[BlackFideId "14119846"]
[WhiteElo "2850"]
[BlackElo "2631"]
[WhiteTeam "RUS"]
[BlackTeam "UKR"]
[WhiteClock "0:00:02"]
[BlackClock "0:00:53"]

1. e4 c5 2. c3 b6 3. d4 Bb7 4. Bd3 cxd4 5. cxd4 Nc6 6. d5 Nb4 7. Nf3 e6 8. O-O exd5 9. exd5 Bxd5 10. Re1+ Be7 11. Nc3 Be6 12. Bb1 Nf6 13. a3 Nc6 14. Bg5 O-O 15. Qc2 g6 16. Qd2 Rc8 17. h4 Na5 18. Nd4 Nc4 19. Qe2 Qc7 20. Ba2 a6 21. h5 Ng4 22. g3 Bxg5 23. Nxe6 dxe6 24. Qxg4 Bf6 25. Ne4 Bg7 26. Rac1 b5 27. b3 f5 28. Qe2 fxe4 29. bxc4 Bd4 30. Kg2 Rxf2+ 31. Qxf2 Bxf2 32. Kxf2 Rf8+ 33. Kg2 Rf3 34. cxb5 Qxg3+ 35. Kh1 Qh3+ 36. Kg1 Rg3+ 37. Kf2 Qh2+ 38. Kf1 Rg1# 0-1

[Event "December 5 Late 2023"]
[Site "https://www.chess.com"]
[Date "2023.12.05"]
[Round "9"]
[White "Gubajdullin, Alexei"]
[Black "Mekhitarian, Krikor Sevag"]
[Result "1-0"]
[Board "29"]
[TimeControl "180+1"]
[WhiteFideId "4141202"]
[BlackFideId "2107660"]
[WhiteElo "2615"]
[BlackElo "2828"]
[WhiteTeam "RUS"]
[BlackTeam "BRA"]
[WhiteClock "0:00:24"]
[BlackClock "0:00:00"]

1. d4 Nf6 2. Nf3 g6 3. Bf4 Bg7 4. e3 O-O 5. Be2 c5 6. O-O Qb6 7. Nc3 cxd4 8. exd4 d5 9. Na4 Qd8 10. Nc5 Nc6 11. c3 b6 12. Nd3 Bg4 13. Nfe5 Bxe2 14. Qxe2 Nxe5 15. Bxe5 e6 16. a4 Ne4 17. Bxg7 Kxg7 18. a5 bxa5 19. f3 Nd6 20. Ne5 Qc7 21. Ra2 Rab8 22. Rfa1 Rb5 23. h4 h5 24. g4 Rh8 25. g5 Rhb8 26. Qh2 Nf5 27. Nd3 Qxh2+ 28. Kxh2 Nxh4 29. f4 Nf3+ 30. Kg3 Nd2 31. Rxa5 Ne4+ 32. Kf3 Rxb2 33. Nxb2 Rxb2 34. Rxa7 Nxc3 35. Ra8 Nb5 36. Rc8 Nxd4+ 37. Kg3 Nf5+ 38. Kh3 Rb3+ 39. Kh2 Nd6 40. Rd8 Nb7 41. Re8 Nd6 42. Rd8 Nb7 43. Rb8 Nc5 44. Rc8 Rb2+ 45. Kh1 Ne4 46. Raa8 Ng3+ 47. Kg1 Ne2+ 48. Kf1 Ng3+ 49. Ke1 Rb1+ 50. Kd2 1-0

[Event "December 5 Late 2023"]
[Site "https://www.chess.com"]
[Date "2023.12.05"]
[Round "9"]
[White "Erdogan, Anil Berk"]
[Black "Gabuzyan, Hovhannes"]
[Result "0-1"]
[Board "30"]
[TimeControl "180+1"]
[WhiteFideId "6348173"]
[BlackFideId "13303732"]
[WhiteElo "2595"]
[BlackElo "2827"]
[WhiteTeam "TUR"]
[BlackTeam "ARM"]
[WhiteClock "0:01:37"]
[BlackClock "0:02:39"]

1. e4 c5 2. Nf3 e6 3. d4 cxd4 4. Nxd4 a6 5. Nc3 b5 6. a3 Bb7 7. g3 Nf6 8. Bg2 d6 9. O-O Nbd7 10. f4 Qc7 11. Be3 Be7 12. Qe2 h5 13. h3 g6 14. Rae1 Rc8 15. f5 gxf5 16. exf5 e5 17. Bxb7 Qxb7 18. Qf3 Qxf3 19. Nxf3 Rg8 20. Kf2 Rxc3 21. bxc3 Ne4+ 22. Kg2 Nxg3 23. Rf2 Ne4+ 24. Kf1 Nxf2 25. Kxf2 Nf6 26. Bg5 Kd7 27. Bxf6 Bxf6 28. Rd1 Rc8 29. Nd2 Rxc3 30. Ne4 Bh4+ 31. Ke2 Rxc2+ 32. Kf3 Rc6 33. f6 Ke6 34. Rg1 d5 35. Ng5+ Bxg5 36. Rxg5 Rc3+ 37. Kg2 d4 38. Rxh5 d3 39. Kf3 d2+ 40. Ke2 Rd3 41. Kd1 e4 42. Rh4 Ke5 43. Rg4 e3 44. Rg2 Rc3 45. Ke2 Rc1 46. Kxe3 d1=Q 0-1

[Event "December 5 Late 2023"]
[Site "https://www.chess.com"]
[Date "2023.12.05"]
[Round "9"]
[White "Holt, Conrad"]
[Black "Mendez Fortes, Eduardo Jesus"]
[Result "1-0"]
[Board "31"]
[TimeControl "180+1"]
[WhiteFideId "2034387"]
[BlackFideId "3502376"]
[WhiteElo "2808"]
[BlackElo "2591"]
[WhiteTeam "USA"]
[BlackTeam "CUB"]
[WhiteClock "0:00:35"]
[BlackClock "0:00:23"]

1. d4 Nf6 2. c4 e6 3. Nf3 d5 4. Nc3 Bb4 5. e3 O-O 6. Bd3 c5 7. O-O dxc4 8. Bxc4 Nc6 9. Qd3 Qc7 10. Rd1 Rd8 11. Qe2 cxd4 12. exd4 h6 13. Be3 a6 14. Rac1 Bxc3 15. Rxc3 b5 16. Bd3 Bb7 17. Rdc1 Qd6 18. h3 Nb4 19. Bb1 Nbd5 20. Rc5 Nd7 21. R5c2 Rac8 22. Rxc8 Bxc8 23. Qc2 f5 24. Qc6 Qe7 25. Bd2 N7f6 26. Ba5 Re8 27. Ne5 Bb7 28. Qc2 Nf4 29. f3 Qd6 30. Qd2 Qxd4+ 31. Qxd4 Ne2+ 32. Kf2 Nxd4 33. Rc7 Bd5 34. Bb6 Nxf3 35. gxf3 Nh5 36. Ke3 g5 37. Nf7 f4+ 38. Kd4 Bxf3 39. Nxh6+ Kh8 40. Rh7# 1-0

[Event "December 5 Late 2023"]
[Site "https://www.chess.com"]
[Date "2023.12.05"]
[Round "9"]
[White "Garcia Ramos, Daniel"]
[Black "Yuan, Qingyu"]
[Result "1-0"]
[Board "32"]
[TimeControl "180+1"]
[WhiteFideId "32010311"]
[BlackFideId "8609772"]
[WhiteElo "2588"]
[BlackElo "2806"]
[WhiteTeam "ESP"]
[BlackTeam "CHN"]
[WhiteClock "0:00:05"]
[BlackClock "0:00:06"]

1. e4 e6 2. d4 d5 3. Nc3 Nf6 4. e5 Nfd7 5. f4 c5 6. Nf3 Nc6 7. Be3 a6 8. Qd2 b5 9. dxc5 Bxc5 10. Bd3 d4 11. Nxd4 Nxd4 12. Ne4 Bb6 13. Nd6+ Kf8 14. Be4 Nxc2+ 15. Bxc2 Bxe3 16. Qxe3 Qa5+ 17. Kf2 Rb8 18. Rhd1 Qb6 19. Rac1 Ke7 20. Be4 Rd8 21. b4 h6 22. h4 Qxe3+ 23. Kxe3 f6 24. Rc7 g5 25. Nxc8+ Rbxc8 26. Rdxd7+ Rxd7 27. Rxc8 gxf4+ 28. Kxf4 f5 29. Bf3 Rd4+ 30. Kg3 Rxb4 31. Rc7+ Kf8 32. Bd1 Re4 33. Rc5 Re3+ 34. Kf2 Re4 35. Bb3 Ke7 36. Kf3 Rxh4 37. Rc7+ Kd8 38. Ra7 Re4 39. Bxe6 Ra4 40. Bxf5 Rxa2 41. e6 Ke8 42. Bg6+ Kf8 43. e7+ Kg7 44. e8=Q+ Kf6 45. Qf7+ Kg5 46. Qf5+ Kh4 47. Qh5# 1-0

[Event "December 5 Late 2023"]
[Site "https://www.chess.com"]
[Date "2023.12.05"]
[Round "9"]
[White "Troff, Kayden"]
[Black "Iskusnyh, Sergei"]
[Result "1-0"]
[Board "33"]
[TimeControl "180+1"]
[WhiteFideId "2047896"]
[BlackFideId "4120027"]
[WhiteElo "2778"]
[BlackElo "2579"]
[WhiteTeam "USA"]
[BlackTeam "RUS"]
[WhiteClock "0:00:08"]
[BlackClock "0:00:00"]

1. d4 d5 2. Nf3 Nf6 3. Bf4 c5 4. e3 Nc6 5. Nc3 Bg4 6. dxc5 e6 7. Nb5 Rc8 8. Bd6 Ne4 9. Bxf8 Kxf8 10. c3 Nxc5 11. Be2 g6 12. Nbd4 Bxf3 13. Nxf3 Kg7 14. h4 h6 15. h5 g5 16. O-O Qf6 17. Rc1 Rhd8 18. Nh2 Ne4 19. Ng4 Qe7 20. Bb5 f5 21. Bxc6 bxc6 22. Qd4+ Kh7 23. f3 Ng3 24. Nf6+ Kh8 25. Qe5 Qc7 26. Qxe6 Kg7 27. Rfe1 Qf7 28. Qxf7+ Kxf7 29. Kf2 Kxf6 30. Kxg3 Rb8 31. Rc2 Re8 32. Kf2 a5 33. b3 a4 34. b4 c5 35. a3 Rec8 36. Ree2 Ke6 37. e4 fxe4 38. fxe4 d4 39. cxd4 cxd4 40. Red2 Ke5 41. Kf3 Rf8+ 42. Ke2 Kxe4 43. Rc6 Rbe8 44. Rd6 Kf4+ 45. Kd1 Kg4 46. R2xd4+ Kxh5 47. g4+ Kh4 48. Rxh6+ Kg3 49. Rhd6 Rf3 50. Rd3 Re7 51. R6d5 Kxg4 52. Rxg5+ Kf4 53. Rxf3+ Kxf3 54. Ra5 Ke3 55. Rxa4 Kd3 56. b5 Kc3 57. Rb4 Rh7 58. b6 Kd3 59. Kc1 Kc3 60. Kd1 Kd3 61. Ke1 Ke3 62. Kf1 Rf7+ 63. Kg2 Rg7+ 64. Kh3 Kf3 65. Rb3+ Kf4 66. b7 Rh7+ 67. Kg2 Rg7+ 68. Kf2 1-0

[Event "December 5 Late 2023"]
[Site "https://www.chess.com"]
[Date "2023.12.05"]
[Round "9"]
[White "Adewumi, Tanitoluwa"]
[Black "Soderstrom, Adrian"]
[Result "1-0"]
[Board "34"]
[TimeControl "180+1"]
[WhiteFideId "30966396"]
[BlackFideId "1745786"]
[WhiteElo "2739"]
[BlackElo "2578"]
[WhiteTeam "USA"]
[BlackTeam "SWE"]
[WhiteClock "0:00:03"]
[BlackClock "0:00:03"]

1. Nf3 Nf6 2. b3 g6 3. Bb2 Bg7 4. e3 O-O 5. d4 b6 6. Bd3 Bb7 7. Nbd2 d6 8. O-O Nbd7 9. Re1 Re8 10. e4 e5 11. dxe5 Nxe5 12. Nxe5 dxe5 13. Nf3 Nd7 14. Bb5 c6 15. Bc4 b5 16. Bd3 Nc5 17. Qd2 Nxd3 18. cxd3 Qd7 19. Rac1 Rad8 20. Red1 a6 21. h3 Qd6 22. Qe3 f6 23. Rd2 Qf8 24. Qb6 Qf7 25. Rdd1 Bh6 26. Rc2 c5 27. Re2 Qe7 28. Qa5 Rd7 29. Bc1 Bxc1 30. Rxc1 Rxd3 31. Qb6 Rc8 32. Ne1 Rd6 33. Qa5 c4 34. bxc4 bxc4 35. Rec2 Rd4 36. Nf3 Rxe4 37. Nd2 Rd4 38. Nxc4 Qc5 39. Qe1 Rdd8 40. Ne3 Qf8 41. Rxc8 Rxc8 42. Rb1 Be4 43. Rd1 Bc6 44. Qa5 Bb5 45. a4 Be2 46. Rd2 Bc4 47. Nxc4 Rxc4 48. Rd8 Rc1+ 49. Kh2 Rc6 50. Qd5+ Kg7 51. Rxf8 Rc5 52. Qxc5 1-0

[Event "December 5 Late 2023"]
[Site "https://www.chess.com"]
[Date "2023.12.05"]
[Round "9"]
[White "Kashefi, Amir Hosein"]
[Black "Wafa, Hamed"]
[Result "1-0"]
[Board "35"]
[TimeControl "180+1"]
[WhiteFideId "12557935"]
[BlackFideId "10628452"]
[WhiteElo "2556"]
[BlackElo "2711"]
[WhiteTeam "IRI"]
[BlackTeam "EGY"]
[WhiteClock "0:00:39"]
[BlackClock "0:00:13"]

1. d4 Nf6 2. Nf3 b6 3. g3 Bb7 4. Bg2 e6 5. O-O Be7 6. Bg5 O-O 7. Qd3 h6 8. Bxf6 Bxf6 9. Ng5 hxg5 10. Bxb7 Nc6 11. Bxa8 Qxa8 12. c3 e5 13. e3 d5 14. Qf5 Ne7 15. Qh3 g6 16. Nd2 Kg7 17. dxe5 Bxe5 18. Rad1 Nf5 19. Qg2 g4 20. e4 Nd6 21. exd5 Qc8 22. Rfe1 Qf5 23. Ne4 a5 24. Nxd6 cxd6 25. Re4 b5 26. Rde1 Rc8 27. Qf1 Rc5 28. Qe2 Rxd5 29. Rxg4 a4 30. Re4 a3 31. bxa3 Bxc3 32. Rc1 Be5 33. Kg2 Bf6 34. Rf4 Qd7 35. Rd1 Re5 36. Qf3 Bg5 37. Rfd4 Re6 38. Qd5 Bf6 39. R4d2 Qa7 40. Qxb5 Qxa3 41. Qb3 Qa8+ 42. Qf3 Qa6 43. h4 Be5 44. Qd5 Rf6 45. Rd3 Rf5 46. Rf3 Rxf3 47. Kxf3 Qa3+ 48. Kg2 Qb2 49. Rd3 Qa1 50. Rf3 Bf6 51. Qxd6 Be5 52. Qd5 f6 53. Rb3 Qxa2 54. Rb7+ Kh6 55. Qxa2 1-0

[Event "December 5 Late 2023"]
[Site "https://www.chess.com"]
[Date "2023.12.05"]
[Round "9"]
[White "Djokic, Mihailo"]
[Black "Kopczynski, Michal"]
[Result "0-1"]
[Board "36"]
[TimeControl "180+1"]
[WhiteFideId "976440"]
[BlackFideId "1124200"]
[WhiteElo "2711"]
[BlackElo "2554"]
[WhiteTeam "SRB"]
[BlackTeam "POL"]
[WhiteClock "0:00:00"]
[BlackClock "0:00:09"]

1. e4 b6 2. d4 Bb7 3. Bd3 e6 4. Qe2 Nf6 5. Nf3 d5 6. e5 Nfd7 7. Ng5 g6 8. Qf3 Qe7 9. h4 h6 10. Nh3 Qxh4 11. c3 c5 12. Be3 Nc6 13. g3 Qe7 14. Nf4 cxd4 15. cxd4 Qb4+ 16. Nd2 Nxd4 17. Bxd4 Qxd4 18. Nb3 Qxe5+ 19. Kf1 O-O-O 20. Kg2 Kb8 21. Rhe1 Qxb2 22. Re2 Qa3 23. Kh2 Bg7 24. Rc1 Rc8 25. Rce1 Nc5 26. Nxc5 Rxc5 27. Ng2 Rc3 28. Qxf7 Bd4 29. Bxg6 Bc8 30. Nf4 Rc1 31. Rxc1 Qxc1 32. Rc2 Qf1 33. Qc7+ Ka8 34. Nxe6 Bxf2 35. Qe5 Qg1+ 36. Kh3 Re8 37. Qxd5+ Bb7 38. Qf5 Qh1+ 39. Kg4 h5+ 40. Kg5 Rg8 41. Nc7+ Kb8 42. Qe5 Qe4 0-1

[Event "December 5 Late 2023"]
[Site "https://www.chess.com"]
[Date "2023.12.05"]
[Round "9"]
[White "Cervantes Landeiro, Thalia"]
[Black "Hambleton, Aman"]
[Result "0-1"]
[Board "37"]
[TimeControl "180+1"]
[WhiteFideId "3520498"]
[BlackFideId "2606577"]
[WhiteElo "2550"]
[BlackElo "2705"]
[WhiteTeam "USA"]
[BlackTeam "CAN"]
[WhiteClock "0:00:00"]
[BlackClock "0:00:02"]

1. d4 e5 2. dxe5 Nc6 3. Nf3 Qe7 4. Bf4 Qb4+ 5. Bd2 Qxb2 6. Nc3 Bb4 7. Rb1 Qxc3 8. Bxc3 Bxc3+ 9. Nd2 Nxe5 10. Rb3 Ba5 11. e3 Nf6 12. Bd3 O-O 13. O-O d5 14. Nf3 Nxf3+ 15. Qxf3 Bb6 16. c4 d4 17. exd4 Bxd4 18. Bf5 Bxf5 19. Qxf5 b6 20. Rg3 Rad8 21. h4 g6 22. Qf3 Rfe8 23. Rd1 Ne4 24. Rg4 Bxf2+ 25. Kh2 Rxd1 26. Qxd1 Bc5 27. Qd7 Nf6 28. Qd1 Bd6+ 29. g3 Nxg4+ 30. Qxg4 Re3 31. Qc8+ Kg7 32. Qb7 Rxg3 33. Kh1 Rg4 34. Qxa7 Rxh4+ 35. Kg2 Rxc4 36. Qa6 Rc5 37. Qa4 h5 38. Qd4+ Be5 39. Qd3 Ra5 40. Qb3 Bd6 41. Qc3+ Be5 42. Qb3 Bf6 43. Qc4 c5 44. a4 Bd4 45. Qb3 h4 46. Kh3 g5 47. Kg4 Bf6 48. Qc2 b5 49. axb5 Rxb5 50. Kh5 Rb4 51. Qf5 Rf4 52. Qxc5 h3 0-1

[Event "December 5 Late 2023"]
[Site "https://www.chess.com"]
[Date "2023.12.05"]
[Round "9"]
[White "Martins, Vinicius Tine"]
[Black "Panesar Vedant"]
[Result "0-1"]
[Board "38"]
[TimeControl "180+1"]
[WhiteFideId "2112884"]
[BlackFideId "35033018"]
[WhiteElo "2640"]
[BlackElo "2701"]
[WhiteTeam "BRA"]
[BlackTeam "IND"]
[WhiteClock "0:00:00"]
[BlackClock "0:00:58"]

1. d4 Nf6 2. Nf3 d5 3. Bf4 c5 4. e3 Nc6 5. Nbd2 e6 6. c3 cxd4 7. exd4 Nh5 8. Bg3 Nxg3 9. hxg3 Bd6 10. Bd3 h6 11. Qc2 O-O 12. O-O-O Bd7 13. g4 f6 14. Bh7+ Kh8 15. Nh4 Be8 16. Ng6+ Bxg6 17. Qxg6 Ne7 18. Qd3 f5 19. Rde1 Kxh7 20. Rxe6 Qd7 21. Qe2 fxg4 22. Qxg4 Rf6 23. Rhe1 Bf4 24. Kc2 Bxd2 25. Kxd2 Rxf2+ 26. Kc1 Rf6 27. Qh3 Ng6 0-1

[Event "December 5 Late 2023"]
[Site "https://www.chess.com"]
[Date "2023.12.05"]
[Round "9"]
[White "Kraiouchkine, Nikita"]
[Black "Pakleza, Zbigniew"]
[Result "0-1"]
[Board "39"]
[TimeControl "180+1"]
[WhiteFideId "2607140"]
[BlackFideId "1119290"]
[WhiteElo "2492"]
[BlackElo "2670"]
[WhiteTeam "CAN"]
[BlackTeam "POL"]
[WhiteClock "0:00:01"]
[BlackClock "0:00:56"]

1. e4 d6 2. d4 Nf6 3. Nc3 c6 4. f4 Qb6 5. Nf3 Bg4 6. Be2 Bxf3 7. Bxf3 e5 8. Ne2 Nbd7 9. c3 Be7 10. O-O O-O 11. Be3 Rfe8 12. Qd3 Qc7 13. f5 h6 14. g4 Nh7 15. Ng3 Bg5 16. Bf2 Bh4 17. a4 a5 18. Bg2 Ndf6 19. h3 Ng5 20. Rae1 Rad8 21. Kh2 Re7 22. Kh1 Rde8 23. Re3 exd4 24. cxd4 Bxg3 25. Bxg3 Ngxe4 26. Bh4 d5 27. Rfe1 Ng5 28. Bg3 Rxe3 29. Rxe3 Qd7 30. Be5 Nge4 31. Qe2 Nh7 32. Bxe4 dxe4 33. Rxe4 Qd5 34. Kh2 f6 35. Re3 fxe5 36. dxe5 Ng5 37. e6 Qd6+ 38. Kg2 c5 39. Rd3 Qc6+ 40. Kh2 Ne4 41. Rd7 Nf6 42. Rd1 Qxa4 43. Rd6 Qf4+ 0-1

[Event "December 5 Late 2023"]
[Site "https://www.chess.com"]
[Date "2023.12.05"]
[Round "9"]
[White "Ambartsumova, Karina"]
[Black "Bold, Andre"]
[Result "1-0"]
[Board "40"]
[TimeControl "180+1"]
[WhiteFideId "4166299"]
[BlackFideId "16208471"]
[WhiteElo "2661"]
[BlackElo "2516"]
[WhiteTeam "RUS"]
[BlackTeam "GER"]
[WhiteClock "0:00:20"]
[BlackClock "0:00:06"]

1. d4 d5 2. c4 c6 3. Nf3 Nf6 4. g3 dxc4 5. Bg2 b5 6. Ne5 Qb6 7. O-O e6 8. a4 Bb7 9. Nc3 a6 10. Bf4 Nd5 11. Ne4 Be7 12. a5 Qd8 13. Bd2 Nd7 14. Qc2 N7f6 15. Nxf7 Kxf7 16. Ng5+ Kg8 17. Nxe6 Qd6 18. Nc5 Bc8 19. e4 h5 20. exd5 Nxd5 21. h4 Bf6 22. Qe4 Bd7 23. Rae1 Re8 24. Qg6 Rxe1 25. Rxe1 Ne7 26. Qe4 Kf7 27. Nxa6 Ra8 28. Bb4 Qd5 29. Qxe7+ Bxe7 30. Rxe7+ Kg6 31. Bxd5 cxd5 32. Rxd7 Rxa6 33. Rd6+ 1-0

[Event "December 5 Late 2023"]
[Site "https://www.chess.com"]
[Date "2023.12.05"]
[Round "9"]
[White "Play, Gilles"]
[Black "Sturt, Raven"]
[Result "0-1"]
[Board "41"]
[TimeControl "180+1"]
[WhiteFideId "45130892"]
[BlackFideId "2007304"]
[WhiteElo "2447"]
[BlackElo "2656"]
[WhiteTeam "FRA"]
[BlackTeam "USA"]
[WhiteClock "0:00:03"]
[BlackClock "0:00:41"]

1. e4 e5 2. Nf3 Nc6 3. c3 f5 4. d4 fxe4 5. Nxe5 Nf6 6. Bg5 d6 7. Nxc6 bxc6 8. Nd2 d5 9. f3 h6 10. Bxf6 Qxf6 11. fxe4 c5 12. Qh5+ g6 13. Qxd5 Rb8 14. O-O-O cxd4 15. Bb5+ Rxb5 16. Qxb5+ c6 17. Qb8 Qe6 18. Nb3 dxc3 19. Nd4 cxb2+ 20. Qxb2 Qe5 21. Nc2 Qg5+ 22. Kb1 Rh7 23. Rd3 Rb7 24. Rb3 Bg7 25. e5 Qxg2 26. Re1 c5 27. Rxb7 Bxb7 28. Qb5+ Kf8 29. Qxc5+ Kg8 30. Qc4+ Kh7 31. Rd1 Be4 32. Re1 Bf5 33. e6 Qb7+ 34. Qb3 Qe7 35. Qc4 Qf6 36. Kc1 Qb2+ 37. Kd2 h5 38. e7 Bh6+ 39. Kd1 Qc1+ 40. Ke2 Qd2+ 41. Kf1 Bh3+ 42. Kg1 Qg2# 0-1

[Event "December 5 Late 2023"]
[Site "https://www.chess.com"]
[Date "2023.12.05"]
[Round "9"]
[White "Spichkin, Alexander"]
[Black "Tokhirjonova, Gulrukhbegim"]
[Result "0-1"]
[Board "42"]
[TimeControl "180+1"]
[WhiteFideId "4144074"]
[BlackFideId "14203626"]
[WhiteElo "2417"]
[BlackElo "2649"]
[WhiteTeam "RUS"]
[BlackTeam "USA"]
[WhiteClock "0:00:59"]
[BlackClock "0:00:33"]

1. f4 d5 2. Nf3 c5 3. e3 Nc6 4. Bb5 Bd7 5. O-O Nf6 6. b3 e6 7. Bb2 Be7 8. Bxc6 Bxc6 9. Ne5 Rc8 10. d3 O-O 11. Rf3 d4 12. Rg3 dxe3 13. Na3 Qd5 14. Nac4 b5 15. Nxe3 Qd6 16. N3g4 Kh8 17. Nxc6 Rxc6 18. Nxf6 Bxf6 19. Bxf6 gxf6 20. Rf3 Rg8 21. c3 Rcc8 22. Qe2 Rcd8 23. Rd1 Rg6 24. Qf2 b4 25. cxb4 cxb4 26. f5 exf5 27. Rxf5 Rdg8 28. g3 Qe6 29. d4 Re8 30. d5 Qd6 31. Qf4 Qc5+ 32. Qd4 Qc2 33. Rxf6 Kg8 34. Rxg6+ hxg6 35. Qd2 Qc5+ 36. Kh1 Qb5 37. d6 Re2 38. Qd5 Re1+ 39. Rxe1 Qxd5+ 40. Kg1 Qxd6 41. Re3 Qd4 42. Kf2 a5 43. h4 Kg7 44. Kf3 f5 45. Re2 Kh6 46. Kg2 Kh5 47. Rf2 Qe4+ 48. Kh2 Qe3 49. Kg2 Kg4 50. Rf4+ Qxf4 51. gxf4 Kxf4 52. Kh2 Kg4 0-1

[Event "December 5 Late 2023"]
[Site "https://www.chess.com"]
[Date "2023.12.05"]
[Round "9"]
[White "Micic, Aleksa"]
[Black "Ehlvest, Jaan"]
[Result "1-0"]
[Board "43"]
[TimeControl "180+1"]
[WhiteFideId "989940"]
[BlackFideId "4500016"]
[WhiteElo "2385"]
[BlackElo "2648"]
[WhiteTeam "SRB"]
[BlackTeam "USA"]
[WhiteClock "0:00:10"]
[BlackClock "0:00:06"]

1. e4 g6 2. d4 Bg7 3. Nc3 c5 4. dxc5 Bxc3+ 5. bxc3 Nf6 6. f3 Qa5 7. Qd4 Nc6 8. Qc4 d5 9. exd5 Nxd5 10. Bd2 Be6 11. Qb5 Qc7 12. c4 Nf6 13. Qb2 O-O 14. Bd3 Ne5 15. Bc3 Nxc4 16. Bxc4 Bxc4 17. Nh3 Qxc5 18. Bd4 Qf5 19. O-O-O Rac8 20. Rhe1 Be6 21. Re5 Nd5 22. Rxf5 Bxf5 23. Rd2 a5 24. g4 Be6 25. Ng5 Nb4 26. a3 Na2+ 27. Kb1 Bc4 28. Bg7 Rfe8 29. Ne4 b5 30. Qe5 b4 31. axb4 axb4 32. Kb2 Be6 33. Bh8 f6 34. Qxe6+ Kxh8 35. Kxa2 1-0